 Dungeon Crawl Stone Soup version 0.20.1-1-g8b1a95d (webtiles) character file.

4626 Peloso the Carver (level 10, -1/77 HPs)
             Began as a Demonspawn Fighter on Oct 21, 2017.
             Was a High Priest of Okawaru.
             Slain by a slime creature (11 damage)
             ... on level 10 of the Dungeon.
             The game lasted 00:19:54 (6473 turns).

Peloso the Carver (Demonspawn Fighter)              Turns: 6473, Time: 00:19:55

Health: -1/77      AC: 25    Str: 19    XL:     10   Next: 19%
Magic:  10/10      EV:  5    Int: 12    God:    Okawaru [*****.]
Gold:   101        SH: 11    Dex: 17    Spells: 9/9 levels left

rFire    + . .     SeeInvis .   y - +1 scimitar "Widowermaker" {slice, *Contam rC+ Dex+4} (curse)
rCold    + . .     Gourm    .   c - +0 shield
rNeg     . . .     Faith    +   n - +1 plate armour
rPois    .         Spirit   .   l - +1 hat
rElec    .         Reflect  .   b - +0 cloak
rCorr    .         Harm     .   (no gloves)
MR       .....                  I - +0 pair of boots {Fly}
Stlth    ..........             m - amulet of faith
Regen    0.3/turn               B - +2 ring of intelligence
MPRegen  0.2/turn               E - +4 ring of protection

@: lethally poisoned (-1 -> -27), flying
A: horns 1, molten scales 3, demonic guardian 2, spiny 1
a: Heroism, Finesse, Renounce Religion, Stop Flying


You were on level 10 of the Dungeon.
You worshipped Okawaru.
Okawaru was extremely pleased with you.
You were not hungry.

You visited 1 branch of the dungeon, and saw 9 of its levels.

You collected 371 gold pieces.
You spent 270 gold pieces at shops.

Inventory:

Hand Weapons
 a - a +0 long sword
 k - a +0 whip of flaming
 y - the cursed +1 scimitar "Widowermaker" (weapon) {slice, *Contam rC+ Dex+4}
   (You bought it in a shop on level 7 of the Dungeon)

   It inflicts extra damage upon your enemies.
   It affects your dexterity (+4).
   It protects you from cold.
   It causes magical contamination when unequipped.
   It has a curse placed upon it.
 F - a +5 hand crossbow of flaming
Armour
 b - a +0 cloak (worn)
 c - a +0 shield (worn)
 l - a +1 hat (worn)
 n - a +1 plate armour (worn)
 I - a +0 pair of boots of flying (worn)
Jewellery
 m - an amulet of faith (around neck)
 q - an uncursed amulet of magic regeneration
 B - a +2 ring of intelligence (left hand)
 E - a +4 ring of protection (right hand)
Scrolls
 e - 9 scrolls of remove curse
 h - a scroll of teleportation
 o - 2 scrolls of enchant armour
 s - a scroll of amnesia
 v - a scroll of blinking {unknown}
 w - 2 scrolls of enchant weapon {unknown}
 H - 2 scrolls of identify
Potions
 d - 4 potions of might
 i - 4 potions of flight
 j - 4 potions of magic
 x - a potion of agility
Comestibles
 f - 7 bread rations
 g - 2 meat rations
 r - 3 fruits
 z - 2 royal jellies
 J - a chunk of flesh


   Skills:
 + Level 6.5 Fighting
 + Level 9.2 Long Blades
 + Level 6.6 Armour
 + Level 1.0 Dodging
 + Level 1.0 Stealth
 + Level 6.7 Shields


You had 9 spell levels left.
You didn't know any spells.

Dungeon Overview and Level Annotations

Branches:
Dungeon (8/15)             Temple (0/1) D:7
   Lair: D:8-11

Altars:
Cheibriados
Dithmenos
Gozag
Kikubaaqudgha
Okawaru
Qazlal
Ru
Vehumet
Zin

Shops:
D:7 *


Innate Abilities, Weirdness & Mutations

You have a pair of small horns on your head.
You are completely covered in molten scales. (AC +4, rF+)
A demonic guardian rushes to your aid.
You are partially covered in sharp spines.


Message History

Your +0 cloak unmelds from your body.
Your +1 hat unmelds from your body.
Your +0 pair of boots of flying unmelds from your body.
Your +1 plate armour unmelds from your body.
You fly up into the air.
You flicker back into view.
You feel a little less mighty now.
You feel a little less clever now.
Your resistance to elements expires.
* * * LOW HITPOINT WARNING * * *
You feel very sick.
Your shield and plate armour prevent you from hitting the slime creature.
The slime creature quivers.
* * * LOW HITPOINT WARNING * * *
You feel sick. The slime creature barely misses you.
Unknown command.
You slash the slime creature! You headbutt the slime creature.
The slime creature is moderately wounded.
* * * LOW HITPOINT WARNING * * *
You feel sick.
The slime creature is struck by your spines.
The slime creature hits you!
You die...

............##..#
.###.....#.#
###########...##.#
##.....84....
#.#..#..##.
###....u#.#
#.###.###.
#!%.......# #.#
..#.# #$!!##..#.#
#.# #.. #( #.#...#
..# ###.###
#.#####
..###.....## ..
#.##.J@....# .##
#...###...# # #K.#
.# .... #..#. ..
#. . #


You could see a slime creature and a kobold demonologist.

Vanquished Creatures
  An ettin (D:10)
  Pikel (D:6)
  6 yaks
  Eustachio (D:6)
  A water moccasin (D:5)
  2 orc warriors
  An ice beast (D:10)
  A black bear (D:10)
  An ogre (D:6)
  A big kobold (D:10)
  2 bullfrogs
  3 scorpions
  5 killer bees (D:10)
  A howler monkey (D:10)
  2 crimson imps
  A centaur zombie (D:5)
  3 orc priests (D:7)
  A bullfrog zombie (D:10)
  A hound (D:7)
  A jelly (D:6)
  5 orc wizards
  A centaur skeleton (D:8)
  4 worker ants
  4 gnolls
  9 adders
  A shadow imp (D:8)
  2 oozes
  3 worms
  3 dart slugs
  4 leopard geckos
  18 orcs
  2 giant cockroaches
  3 goblins
  3 hobgoblins
  2 jackals (D:3)
  6 quokkas
  2 ball pythons (D:2)
  9 bats
  9 frilled lizards
  A giant cockroach zombie (D:5)
  8 kobolds
  2 leopard gecko skeletons
  18 rats
155 creatures vanquished.

Vanquished Creatures (collateral kills)
  Grinder (D:5)
  5 yaks
  A centaur (D:7)
  A crimson imp (D:7)
  A quasit (D:7)
  A bullfrog zombie (D:6)
  A hound (D:4)
  2 iguanas
  A hound zombie (D:10)
  An adder (D:10)
  2 gnolls (D:5)
  A leopard gecko (D:4)
  An orc (D:7)
  2 frilled lizards (D:4)
21 creatures vanquished.

Vanquished Creatures (others)
  A hound (D:6)
1 creature vanquished.

Grand Total: 177 creatures vanquished

Notes
Turn   | Place    | Note
-------+----------+-------------------------------------------
     0 | D:1      | Peloso the Demonspawn Fighter began the quest for the Orb.
     0 | D:1      | Reached XP level 1. HP: 18/18 MP: 1/1
   107 | D:1      | Gained mutation: You are partially covered in molten scales. (AC +2) [demonic ancestry]
   107 | D:1      | Reached XP level 2. HP: 23/24 MP: 2/2
   273 | D:1      | Reached skill level 2 in Long Blades
   458 | D:1      | Reached XP level 3. HP: 29/29 MP: 3/3
   786 | D:2      | Found a faded altar of an unknown god.
   903 | D:2      | Gained mutation: You have a pair of small horns on your head. [demonic ancestry]
   903 | D:2      | Reached XP level 4. HP: 28/35 MP: 4/4
   912 | D:2      | Found an iron altar of Okawaru.
   920 | D:2      | Became a worshipper of Warmaster Okawaru
  1225 | D:2      | Found a glowing silver altar of Zin.
  1226 | D:2      | Found an opulent altar of Gozag.
  1803 | D:3      | Reached skill level 3 in Long Blades
  1807 | D:3      | Found a snail-covered altar of Cheibriados.
  2136 | D:3      | Gained mutation: A weak demonic guardian rushes to your aid. [demonic ancestry]
  2136 | D:3      | Reached XP level 5. HP: 39/42 MP: 5/5
  2806 | D:4      | Found an ancient bone altar of Kikubaaqudgha.
  3109 | D:5      | Entered Level 5 of the Dungeon
  3111 | D:5      | Noticed Grinder
  3121 | D:5      | Paralysed by Grinder for 6 turns
  3303 | D:5      | Paralysed by Grinder for 3 turns
  3312 | D:5      | Paralysed by Grinder for 5 turns
  3313 | D:5      | Killed Grinder
  3313 | D:5      | Reached * piety under Okawaru
  3313 | D:5      | Reached skill level 4 in Long Blades
  3313 | D:5      | Gained mutation: You are mostly covered in molten scales. (AC +3) [demonic ancestry]
  3313 | D:5      | Reached XP level 6. HP: 16/48 MP: 6/6
  3410 | D:5      | Noticed a yak
  3422 | D:5      | Killed a yak
  3425 | D:5      | Noticed a yak
  3426 | D:5      | Noticed a yak
  3435 | D:5      | Noticed a yak
  3438 | D:5      | Noticed a yak
  3439 | D:5      | Noticed a yak
  3456 | D:5      | Killed a yak
  3456 | D:5      | Reached ** piety under Okawaru
  3456 | D:5      | Gained mutation: You are completely covered in molten scales. (AC +4, rF+) [demonic ancestry]
  3456 | D:5      | Reached XP level 7. HP: 31/55 MP: 7/7
  3468 | D:5      | Killed a yak
  3468 | D:5      | Reached skill level 5 in Long Blades
  3477 | D:5      | Killed a yak
  3487 | D:5      | Killed a yak
  3503 | D:5      | Killed a yak
  3503 | D:5      | Reached *** piety under Okawaru
  3731 | D:5      | Reached XP level 8. HP: 61/61 MP: 8/8
  3997 | D:5      | Reached skill level 6 in Long Blades
  4265 | D:5      | Found a sacrificial altar of Ru.
  4365 | D:6      | Reached skill level 5 in Fighting
  4526 | D:6      | Found a stormy altar of Qazlal.
  4580 | D:6      | Noticed Pikel
  4613 | D:6      | Killed Pikel
  4613 | D:6      | Reached **** piety under Okawaru
  4613 | D:6      | Reached skill level 7 in Long Blades
  4613 | D:6      | Reached skill level 5 in Armour
  4627 | D:6      | Noticed Eustachio
  4659 | D:6      | Killed Eustachio
  4659 | D:6      | Reached skill level 5 in Shields
  5156 | D:7      | Gained mutation: You are partially covered in sharp spines. [demonic ancestry]
  5156 | D:7      | Reached XP level 9. HP: 68/68 MP: 9/9
  5264 | D:7      | Found a staircase to the Ecumenical Temple.
  5497 | D:7      | Reached ***** piety under Okawaru
  5615 | D:7      | Found Ofoqemuer's Assorted Antiques.
  5637 | D:7      | Bought a translucent scimitar for 270 gold pieces
  5637 | D:7      | Identified the cursed +1 scimitar "Widowermaker" {slice, *Contam rC+ Dex+4} (You bought it in a shop on level 7 of the Dungeon)
  5837 | D:8      | Reached skill level 8 in Long Blades
  5903 | D:8      | Found a shadowy altar of Dithmenos.
  5903 | D:8      | Found a radiant altar of Vehumet.
  5965 | D:8      | You fall through a shaft for 2 floors!
  5965 | D:10     | Entered Level 10 of the Dungeon
  5987 | D:10     | Noticed an ettin
  5996 | D:10     | Received a gift from Okawaru
  6030 | D:10     | Killed an ettin
  6030 | D:10     | Reached skill level 1 in Dodging
  6030 | D:10     | Reached skill level 1 in Stealth
  6301 | D:10     | Reached skill level 9 in Long Blades
  6345 | D:10     | Gained mutation: A demonic guardian rushes to your aid. [demonic ancestry]
  6345 | D:10     | Reached XP level 10. HP: 77/77 MP: 10/10
  6420 | D:10     | Received a gift from Okawaru
  6456 | D:10     | Noticed a swamp dragon
  6465 | D:10     | Noticed a brown ugly thing
  6467 | D:10     | Noticed a deep elf mage
  6473 | D:10     | Slain by a slime creature

Skill      XL: |  1  2  3  4  5  6  7  8  9 |
---------------+----------------------------+-----
Armour         | 3 4 5 6 |  6.6
Long Blades    | 2 3 4 5 7 9 |  9.2
Shields        | 3 4 5 6 |  6.7
Fighting       | 4 5 6 |  6.5
Dodging        | 1 |  1.0
Stealth        | 1 |  1.0

Action                   |  1- 3 |  4- 6 |  7- 9 | 10-12 || total
-------------------------+-------+-------+-------+-------++-------
Melee: Long sword        |   119 |   194 |   243 |       ||   556
       Headbutt          |       |    33 |    64 |    10 ||   107
       Scimitar          |       |       |    56 |    28 ||    84
  Use: Scroll            |       |     8 |     6 |     2 ||    16
       Potion            |       |       |     1 |     9 ||    10
  Eat: Chunk             |       |     9 |     9 |     1 ||    19
Armor: Scale mail        |    66 |       |       |       ||    66
       Plate armour      |    49 |   130 |   159 |    28 ||   366
Dodge: Dodged            |    44 |    18 |    48 |     5 ||   115
Block: Shield            |    84 |    83 |   155 |    17 ||   339
       Rpst.: Long sword |    10 |     8 |    12 |       ||    30
       Scimitar          |       |       |     3 |       ||     3
